 Dungeon Crawl Stone Soup version 0.30-a0-937-ga0a21ad780 (webtiles) character file.

Game seed: 18333397811967121585

650 Iich the Chopper (level 7, -2/56 HPs)
             Began as a Demonspawn Fighter on Mar 23, 2023.
             Killed by divine providence
             ... invoked by an orc priest
              (11 damage)
             ... on level 5 of the Dungeon on Mar 24, 2023.
             The game lasted 00:10:52 (5751 turns).

Iich the Chopper (Demonspawn Fighter)               Turns: 5751, Time: 00:10:53

Health: -2/56      AC: 12    Str: 17    XL:     7   Next: 28%
Magic:  7/7        EV:  6    Int:  9    God:
Gold:   308        SH:  5    Dex: 20    Spells: 6/6 levels left

rFire   + . .      SeeInvis .    a - +1 war axe
rCold   . . .      Faith    .    c - +0 buckler
rNeg    . . .      Spirit   .    h - +0 chain mail
rPois   .          Reflect  .    d - +0 helmet
rElec   .          Rampage  .    (no cloak)
rCorr   .                        (no gloves)
Will    .....                    (no boots) Stlth
                                 (no amulet)
HPRegen 0.29/turn                F - ring of protection from fire
MPRegen 0.10/turn                i - +6 ring of dexterity

@: no status effects
A: icy blue scales 1, foul stench 1
a: no special abilities


You were on level 5 of the Dungeon.
You visited 1 branch of the dungeon, and saw 6 of its levels.

You collected 308 gold pieces.

Inventory:

Hand Weapons
 a - a +1 war axe (weapon)
Armour
 c - a +0 buckler (worn)
 d - a +0 helmet (worn)
 h - a +0 chain mail (worn)
Jewellery
 i - a +6 ring of dexterity (right hand)
 F - a ring of protection from fire (left hand)
Scrolls
 f - a scroll of fog
 g - 5 scrolls of amnesia
 k - a scroll of enchant armour
 m - a scroll of immolation
 n - 2 scrolls of enchant weapon
 o - 2 scrolls of silence
 t - a scroll of teleportation
Potions
 e - 4 potions of magic
 j - 2 potions of attraction


   Skills:
 + Level 5.4 Fighting
 * Level 6.2 Axes
 - Level 2.6 Armour
 - Level 2.6 Shields


You had 6 spell levels left.
You didn't know any spells.
Your spell library contained the following spells:

 Spells                   Type           Power      Damage    Failure   Level
 Beastly Appendage        Tmut           0%         N/A       100%        1
 Freeze                   Ice            0%         1d3       100%        1
 Slow                     Hex            0%         N/A       100%        1
 Wereblood                Tmut           0%         N/A       100%        2
 Confusing Touch          Hex            0%         N/A       100%        3
 Frozen Ramparts          Ice            0%         1d1       100%        3
 Hailstorm                Conj/Ice       0%         3d3       100%        3
 Spider Form              Tmut/Pois      0%         N/A       100%        3
 Vampiric Draining        Necr           0%         2d6       100%        3


Dungeon Overview and Level Annotations

Branches:
Dungeon (6/15)
 Temple: D:4-7

Altars:
Cheibriados
Qazlal
Sif Muna

Shops:
D:3 =


Innate Abilities, Weirdness & Mutations

You are partially covered in icy blue scales. (AC +2)
You may rarely emit foul miasma when damaged in melee.


Message History

The arrow barely misses you.
You take 1 damage, and have 33/56 hp.
The adder hisses angrily.
The centaur unwields a +0 shortbow.
The centaur hits you. You block the centaur's attack.
You take 2 damage, and have 31/56 hp.
You slash the centaur!
The centaur is moderately wounded.
You slash the orc priest!
The centaur hits you but does no damage.
The centaur kicks you.
The orc priest calls down the wrath of Beogh upon you.
Beogh smites you!
* * * LOW HITPOINT WARNING * * *
The centaur hits you.
* * * LOW HITPOINT WARNING * * *
The centaur kicks you but does no damage.
You take 19 damage, and have 12/56 hp. !!!!--MASSIVE DAMAGE--!!!!
You slash the centaur!
The centaur is severely wounded.
You hit the orc priest but do no damage.
The centaur hits you but does no damage.
The centaur kicks you but does no damage.
The orc priest mumbles some strange prayers to Beogh against you.
Pain shoots through your body!
* * * LOW HITPOINT WARNING * * *
An orc comes into view. It is wielding a +0 war axe.
The centaur hits you.
* * * LOW HITPOINT WARNING * * *
The centaur kicks you but does no damage.
You take 4 damage, and have 8/56 hp.
You closely miss the centaur.
The centaur is severely wounded.
The orc shouts!
You hit the orc priest but do no damage.
The centaur closely misses you.
The centaur kicks you but does no damage.
The orc priest mumbles some strange prayers to Beogh against you.
Beogh smites you!
You die...

##.. ##.#...#######.#
#..# #.#.#.# #.. #.#
#.#.#.# #.# #.#
##...#.# #.# >.##
#...##.# ###.####
...###.#.##.# #......#
##..#..#.##.####...)..#
.#c{..........S#......#
....#.........oc@.....#
##............o#o..[..#
##c#...........o......#
....o..........#.(....#
...#.###.....###.######
####o###.o..## #.#
###.....#..# #.#
##..........# #.#
...#######..# ..#


You could see a centaur, 2 orc priests, an orc wizard, an adder and 2 orcs.

Vanquished Creatures
  An ogre (D:4)
  2 scorpions (D:5)
  A gnoll sergeant (D:4)
  A hound (D:5)
  Terence (D:3)
  An iguana (D:3)
  2 orc wizards
  Robin (D:1)
  5 adders
  6 gnolls
  4 dart slugs
  4 orcs
  4 ball pythons
  4 bats
  6 endoplasms
  5 giant cockroaches
  14 goblins
  8 hobgoblins
  3 jackals (D:1)
  3 quokkas (D:1)
  3 frilled lizards (D:1)
  11 kobolds
  7 rats (D:1)
  8 bushes (D:1)
105 creatures vanquished.

Vanquished Creatures (others)
  Blork the orc (D:5)
  9 plants
10 creatures vanquished.

Grand Total: 115 creatures vanquished

Notes
Turn   | Place    | Note
-------+----------+-------------------------------------------
     0 | D:1      | Iich the Demonspawn Fighter began the quest for the Orb.
     0 | D:1      | Reached XP level 1. HP: 18/18 MP: 1/1
     0 | D:1      | Upgraded the game from 0.30-a0-930-gb9d0489357 to
                  | 0.30-a0-937-ga0a21ad780
    60 | D:1      | Reached skill level 2 in Axes
   100 | D:1      | Gained mutation: You are partially covered in icy blue
                  | scales. (AC +2) [demonic ancestry]
   100 | D:1      | Reached XP level 2. HP: 24/24 MP: 2/2
   344 | D:1      | Reached XP level 3. HP: 24/29 MP: 3/3
   696 | D:1      | Reached skill level 3 in Axes
  1298 | D:2      | Noticed Robin
  1720 | D:1      | Killed Robin
  1748 | D:1      | Reached XP level 4. HP: 33/37 MP: 4/4
  2161 | D:2      | Reached skill level 4 in Axes
  2394 | D:3      | Found a faded altar of an unknown god.
  2407 | D:3      | Reached XP level 5. HP: 39/42 MP: 5/5
  2548 | D:3      | Found a shimmering blue altar of Sif Muna.
  2579 | D:3      | Noticed Terence
  2602 | D:3      | Killed Terence
  2800 | D:3      | Found Bothroe's Jewellery Boutique.
  3062 | D:4      | Found a stormy altar of Qazlal.
  3066 | D:4      | Found a snail-covered altar of Cheibriados.
  4118 | D:4      | Reached XP level 6. HP: 44/49 MP: 6/6
  4147 | D:4      | Reached skill level 5 in Axes
  4616 | D:5      | Entered Level 5 of the Dungeon
  5013 | D:5      | Reached skill level 5 in Fighting
  5183 | D:5      | Gained mutation: You may rarely emit foul miasma when
                  | damaged in melee. [demonic ancestry]
  5183 | D:5      | Reached XP level 7. HP: 43/56 MP: 7/7
  5725 | D:5      | Noticed Blork the orc
  5738 | D:5      | Reached skill level 6 in Axes
  5744 | D:5      | Killed Blork the orc
  5751 | D:5      | Killed from afar by an orc priest

Illustrated notes

Levels and vault maps discovered:
D:1:      tarquinn_simple_flora_water_e, layout_loops_ring,
          lexackson_kobold_supper
D:2:      layout_rooms, minmay_misc_feat_five, guppyfry_early_lair_pool,
          uniq_robin
D:3:      layout_rooms, mainiacjoe_overflow_catch_the_wave, serial_shops,
          nicolae_shop_window_shopping, ebering_ecumenical_altar_rust,
          uniq_terence
D:4:      layout_loops_ring, jmf_multi_god_temple, dk_noncrumbling_4,
          minmay_misc_feat_ornament, item_on_display_a
D:5:      layout_rooms, uniq_blork_the_orc
D:6:      layout_gridville, tso_altar, nicolae_overflow_crystal_walls

Skill      XL: |  1  2  3  4  5  6  7 |
---------------+----------------------+-----
Axes           | 2 3 4 5 6 |  6.2
Fighting       | 4 5 |  5.4
Armour         | |  2.6
Shields        | |  2.6

Action                     |  1- 3 |  4- 6 |  7- 9 || total
---------------------------+-------+-------+-------++-------
  Melee: War axe           |   477 |   208 |    17 ||   702
  Throw: Throwing net      |       |       |     1 ||     1
    Use: Potion            |     1 |     2 |     3 ||     6
         Scroll            |       |    12 |       ||    12
 Armour: Scale mail        |   112 |    50 |       ||   162
         Chain mail        |       |    56 |    24 ||    80
  Dodge: Dodged            |    74 |    62 |     9 ||   145
  Block: Buckler           |    43 |    54 |    11 ||   108

Table legend: (Time is in decaauts)
 A = Elapsed time spent in this place.
 B = Non-inter-level travel time spent in this place.
 C = Inter-level travel time spent in this place.
 D = Time resting spent in this place.
 E = Time spent auto-exploring this place.
 F = Levels seen in this place.
 G = Mean time per level.
                   A        B        C        D        E       F      G
               +--------+--------+--------+--------+--------+-----+--------+
         Total |   6008 |   5900 |    108 |   1942 |   2407 |   6 | 1001.3 |
       Dungeon |   6008 |   5900 |    108 |   1942 |   2407 |   6 | 1001.3 |
               +--------+--------+--------+--------+--------+-----+--------+

Top non-repeatable levels by time:
     D:1: 2046 daAuts
     D:4: 1623 daAuts
     D:3: 985 daAuts
     D:2: 566 daAuts
     D:6: 465 daAuts
     D:5: 322 daAuts
